 Dungeon Crawl Stone Soup version 0.29.1-13-g9f3cf754e1 (webtiles) character file.

Game seed: 17546546106023383824

66 JohnSpartan the Grasshopper (level 4, -15/37 HPs)
             Began as a Ghoul Warper on Feb 1, 2023.
             Demolished by an ogre
             ... wielding a +0 giant spiked club
              (21 damage)
             ... on level 4 of the Dungeon.
             The game lasted 00:19:01 (2481 turns).

JohnSpartan the Grasshopper (Ghoul Warper)          Turns: 2481, Time: 00:19:02

Health: -15/37     AC:  8    Str: 16    XL:     4   Next: 15%
Magic:  0/6        EV: 10    Int:  8    God:
Gold:   127        SH:  0    Dex:  8    Spells: 5/7 levels left

rFire   . . .      SeeInvis .   a - +0 spear
rCold   + . .      Faith    .   (no shield)
rNeg    + + +      Spirit   +   g - +2 ring mail
rPois   ∞          Reflect  .   (no helmet)
rElec   .          Harm     .   (no cloak)
rCorr   .          Rampage  .   (no gloves)
Will    .....                   n - +0 pair of boots
Stlth   ..........              o - amulet of guardian spirit
HPRegen 0.00/turn               (no ring)
MPRegen 0.10/turn               (no ring)

@: very slightly contaminated, inhibited regen
A: claws 1, cold resistance 1, negative energy resistance 3, inhibited
regeneration, torment resistance 2, devour on kill
a: no special abilities


You were on level 4 of the Dungeon.
You visited 1 branch of the dungeon, and saw 4 of its levels.

You collected 127 gold pieces.

Inventory:

Hand Weapons
 a - a +0 spear (weapon)
 j - a +0 whip
 m - a +0 sling
 t - a +0 sling
Missiles
 d - 2 boomerangs of dispersal
 u - 2 stones (quivered)
Armour
 b - a +0 leather armour
 f - a +2 cloak of poison resistance
 g - a +2 ring mail (worn)
 n - a +0 pair of boots (worn)
Jewellery
 o - an amulet of guardian spirit (around neck)
 s - a ring of flight
Scrolls
 c - 3 scrolls of blinking
 k - a scroll of torment {unknown}
 l - a scroll of amnesia {unknown}
 p - 3 scrolls of identify {unknown}
 v - a scroll of summoning {unknown}
 w - a scroll of immolation {unknown}
 x - a scroll of fog {unknown}
 y - a scroll of noise {unknown}
Potions
 e - 3 potions of curing {unknown}
 h - 2 potions of might {unknown}
 i - 2 potions of heal wounds {unknown}
 q - a potion of attraction {unknown}
 r - a potion of invisibility {unknown}


   Skills:
 + Level 2.6 Fighting
 + Level 2.0 Polearms
 + Level 1.5 Throwing
 + Level 1.4 Armour
 + Level 2.2 Dodging
 + Level 2.1 Spellcasting
 + Level 3.0 Translocations


You had 5 spell levels left.
You knew the following spells:

 Your Spells              Type           Power      Damage    Failure   Level
a - Blink                 Tloc           10%        N/A       28%         2

Your spell library contained the following spells:

 Spells                   Type           Power      Damage    Failure   Level
 Gell's Gravitas          Tloc           5%         N/A       50%         3
 Lesser Beckoning         Tloc           5%         N/A       50%         3
 Teleport Other           Tloc           5%         N/A       50%         3
 Summon Small Mammal      Summ           0%         N/A       54%         1
 Confusing Touch          Hex            0%         N/A       89%         3
 Summon Guardian Golem    Hex/Summ       0%         N/A       89%         3
 Manifold Assault         Tloc           5%         N/A       99%         5
 Leda's Liquefaction      Hex/Erth       0%         N/A       100%        4
 Lee's Rapid Deconstruct  Erth           0%         3d5*      100%        5
 Yara's Violent Unravell  Hex/Tmut       0%         3d3       100%        5
 Dispersal                Tloc           2%         N/A       100%        6
 Enfeeble                 Hex            0%         N/A       100%        7
 Orb of Destruction       Conj           0%         9d5       100%        7
 Spellforged Servitor     Conj/Summ      0%         N/A       100%        7
 Statue Form              Tmut/Erth      Unusable   N/A       N/A         6

Dungeon Overview and Level Annotations

Branches:
Dungeon (4/15)
 Temple: D:4-7

Altars:

Shops:
D:1 :


Innate Abilities, Weirdness & Mutations

You are immune to poison.
You have sharp fingernails.
Your flesh is cold resistant. (rC+)
You are immune to negative energy. (rN+++)
You do not regenerate when monsters are visible.
You are immune to unholy pain and torment.
You thrive by killing the living.


Message History

Casting: Blink (dangerous; 28% risk of failure)
Confirm with . or Enter, or press ? or * to list all spells.
You miscast Blink.
You are very lightly contaminated with residual magic.
Nothing appears to happen.
Really attack while wielding your +0 sling? [Y]es or [N]o only, please.
Really attack while wielding your +0 sling? [Y]es or [N]o only, please.
Really attack while wielding your +0 sling?
Okay, then.
a - a +0 spear (weapon)
The ogre barely misses you.
You hit the ogre.
The ogre is severely wounded.
You barely miss the ogre.
The ogre is severely wounded.
The ogre hits you with a +0 giant spiked club!!
You barely miss the ogre.
The ogre is severely wounded.
The ogre hits you with a +0 giant spiked club!
* * * LOW HITPOINT WARNING * * *
You hit the ogre but do no damage. Your claw misses the ogre.
The ogre is severely wounded.
You hit the ogre.
The ogre is severely wounded.
The ogre barely misses you.
You hit the ogre but do no damage.
The ogre is severely wounded.
The ogre barely misses you.
You hit the ogre but do no damage.
The ogre is severely wounded.
You hit the ogre.
The ogre is almost dead.
The ogre barely misses you.
You hit the ogre but do no damage.
The ogre is almost dead.
The ogre hits you with a +0 giant spiked club!!
Ouch! That really hurt!
You die... . #.#######.... #....@O...... #############

You could see an ogre.

Vanquished Creatures
  3 adders (D:2)
  A worm (D:3)
  An orc (D:3)
  4 ball pythons
  5 bats
  2 endoplasms
  2 giant cockroaches
  4 goblins (D:2)
  4 hobgoblins
  3 jackals (D:1)
  2 frilled lizards
  2 kobolds (D:2)
  2 rats (D:2)
35 creatures vanquished.

Vanquished Creatures (others)
  A plant (D:1)
1 creature vanquished.

Grand Total: 36 creatures vanquished

Notes
Turn   | Place    | Note
-------+----------+-------------------------------------------
     0 | D:1      | JohnSpartan the Ghoul Warper began the quest for the Orb.
     0 | D:1      | Reached XP level 1. HP: 17/17 MP: 2/2
   188 | D:1      | Reached skill level 1 in Throwing
   217 | D:1      | Reached skill level 1 in Armour
   308 | D:1      | Found Guenna's Book Boutique.
   313 | D:1      | Reached XP level 2. HP: 25/25 MP: 3/3
  1395 | D:2      | Reached XP level 3. HP: 23/30 MP: 5/5
  1540 | D:2      | Reached skill level 3 in Translocations
  1994 | D:3      | Reached XP level 4. HP: 37/37 MP: 6/6
  2276 | D:3      | Learned a level 2 spell: Blink
  2404 | D:3      | Found a faded altar of an unknown god.
  2416 | D:3      | Got Plato's Tractate on Apparitions
  2466 | D:4      | Noticed an ogre
  2481 | D:4      | Demolished by an ogre

Illustrated notes

Levels and vault maps discovered:
D:1:      saegor_arrival_under_anarchy, layout_loops_ring, serial_shops, shop
D:2:      layout_loops_cross, grunt_ministairs_3
D:3:      layout_loops_ring, shapermc_ecumenical_altar_rom_forum
D:4:      layout_loops_ring, serial_shops, kennysheep_mini_moat, shop,
          nicolae_shop_behind_doors

Skill      XL: |  1  2  3 |
---------------+----------+-----
Throwing       | 1 |  1.5
Armour         | 1 |  1.4
Spellcasting   | 2 |  2.1
Dodging        | 2 |  2.2
Polearms       | 2 |  2.0
Translocations | 3 |  3.0
Fighting       | |  2.6

Action                   |  1- 3 |  4- 6 || total
-------------------------+-------+-------++-------
Melee: Spear             |   115 |    32 ||   147
       Punch             |     1 |     2 ||     3
       Sling             |       |     5 ||     5
 Fire: Sling             |       |     5 ||     5
Throw: Stone             |     9 |     4 ||    13
       Boomerang         |     3 |     2 ||     5
  Use: Scroll            |     2 |     1 ||     3
       Potion            |       |     1 ||     1
Armor: Leather armour    |    27 |       ||    27
       Ring mail         |    19 |    11 ||    30
Dodge: Dodged            |    94 |    15 ||   109
